 Dungeon Crawl Stone Soup version 0.22.1-1-ga44c0e56f4 (webtiles) character file.

7793 JOKERXD40 the Severer (level 11, -1/99 HPs)
             Began as a Hill Orc Monk on Nov 10, 2018.
             Was a High Priest of Beogh.
             Slain by a skeletal warrior
             ... wielding a cursed -2 trident
             ... led by a skeletal warrior
              (15 damage)
             ... on level 11 of the Dungeon.
             The game lasted 00:37:00 (11188 turns).

JOKERXD40 the Severer (Hill Orc Monk)              Turns: 11188, Time: 00:37:01

Health: -1/99      AC: 17    Str: 29    XL:     11   Next: 20%
Magic:  11/11      EV: 10    Int: 10    God:    Beogh [*****.]
Gold:   708        SH:  0    Dex: 14    Spells: 10/10 levels left

rFire    . . .     SeeInvis +   w - +0 war axe
rCold    . . .     Gourm    .   (no shield)
rNeg     . . .     Faith    .   g - +0 chain mail
rPois    +         Spirit   .   s - +1 helmet of the Alphagorgon {MR- Str+7}
rElec    .         Reflect  .   h - +0 cloak
rCorr    .         Harm     .   A - +0 pair of gloves
MR       .....                  r - +0 pair of boots
Stlth    ..........             a - amulet of magic regeneration
HPRegen  0.26/turn              q - ring "Nir Yth" {rPois Str+5 Slay-2 SInv}
MPRegen  0.37/turn              j - ring of protection from magic

@: no status effects
A: walk on water
a: Smiting, Recall Orcish Followers, Give Item to Named Follower, Renounce
Religion


You were on level 11 of the Dungeon.
You worshipped Beogh.
Beogh was extremely pleased with you.
You were not hungry.

You visited 1 branch of the dungeon, and saw 11 of its levels.
You also visited: Sewer and Ossuary.

You collected 768 gold pieces.
You spent 60 gold pieces at shops.

Inventory:

Hand Weapons
 w - a +0 war axe (weapon)
Armour
 g - a +0 chain mail (worn)
 h - a +0 cloak (worn)
 r - a +0 pair of boots (worn)
 s - the +1 helmet of the Alphagorgon (worn) {MR- Str+7}
   (You took it off Robin on level 4 of the Dungeon)

   It affects your strength (+7).
   It affects your resistance to hostile enchantments.
 A - a +0 pair of gloves (worn)
Jewellery
 a - an amulet of magic regeneration (around neck)
 i - an uncursed ring of protection from cold
 j - a ring of protection from magic (right hand)
 q - the ring "Nir Yth" (left hand) {rPois Str+5 Slay-2 SInv}
   (You found it on level 4 of the Dungeon)

   [ring of poison resistance]

   It affects your strength (+5).
   It affects your accuracy and damage with ranged weapons and melee attacks
   (-2).
   It protects you from poison.
   It lets you see invisible.
Wands
 m - a wand of flame (25)
 v - a wand of random effects (13)
 F - a wand of enslavement (12)
 K - a wand of digging (14)
 L - a wand of paralysis (15)
 N - a wand of iceblast (8)
Scrolls
 b - 3 scrolls of teleportation
 d - 9 scrolls of identify
 e - a scroll of noise {unknown}
 n - 4 scrolls of remove curse
 p - 3 scrolls of random uselessness
 u - 2 scrolls of enchant armour
 y - 3 scrolls of amnesia
 C - a scroll of fear {unknown}
 D - a scroll of torment {unknown}
 E - 2 scrolls of magic mapping {unknown}
 G - a scroll of enchant weapon {unknown}
 H - a scroll of fog {unknown}
 J - a scroll of vulnerability {unknown}
 M - 2 scrolls of immolation {unknown}
 O - a scroll of brand weapon {unknown}
Potions
 f - 5 potions of curing {unknown}
 k - 2 potions of might
 l - a potion of magic {unknown}
 o - 4 potions of haste
 t - 2 potions of mutation {unknown}
 x - 4 potions of flight
 B - a potion of brilliance {unknown}
 I - 2 potions of ambrosia
 P - a potion of lignification {unknown}
Comestibles
 c - 13 rations


   Skills:
 + Level 10.1 Fighting
 + Level 16.1 Axes
 + Level 8.2 Armour
 - Level 2.6 Dodging
 - Level 1.8 Stealth
 + Level 0.7 Invocations
 - Level 0.1 Evocations


You had 10 spell levels left.
You didn't know any spells.
Your spell library contained the following spells:

 Spells                   Type           Power        Failure   Level  Hunger
 Beastly Appendage        Tmut           #.....       86%         1    ##.....
 Confusing Touch          Hex            #.....       86%         1    ##.....
 Sticks to Snakes         Tmut           #.......     94%         2    ###....
 Confuse                  Hex            #.......     99%         3    ####...
 Gell's Gravitas          Tloc           #.........   99%         3    ####...
 Spider Form              Tmut/Pois      #.........   99%         3    ####...
 Ice Form                 Ice/Tmut       #.......     100%        4    #####..
 Petrify                  Tmut/Erth      #.......     100%        4    #####..
 Blade Hands              Tmut           #.........   100%        5    ######.
 Irradiate                Conj/Tmut      #.........   100%        5    ######.
 Metabolic Englaciation   Hex/Ice        #.........   100%        5    ######.
 Yara's Violent Unravell  Hex/Tmut       #.........   100%        5    ######.
 Hydra Form               Tmut           #.........   100%        6    #######
 Statue Form              Tmut/Erth      #........    100%        6    #######
 Dragon Form              Tmut           #.........   100%        7    #######


Dungeon Overview and Level Annotations

Branches:
Dungeon (11/15)            Temple (0/1) D:6            Lair (0/6) D:10
    Orc (0/2) D:9

Altars:
Ashenzari
Dithmenos
Fedhas
Hepliaklqana
Kikubaaqudgha
Nemelex Xobeh
Qazlal
Ru
Vehumet
Wu Jian
Zin
Beogh

Shops:
D:8 *

Annotations:
D:11 Josephine


Message History

A skeletal warrior comes into view. It is wielding an enchanted trident.
Found a pair of boots.
The skeletal warrior hits you with an enchanted trident!
* * * LOW HITPOINT WARNING * * *
You barely miss the skeletal warrior.
The skeletal warrior hits you with an enchanted trident.
* * * LOW HITPOINT WARNING * * *
You hit the skeletal warrior but do no damage.
You hit the skeletal warrior.
The skeletal warrior is lightly damaged.
The skeletal warrior closely misses you.
You hit the skeletal warrior.
The skeletal warrior is lightly damaged.
The skeletal warrior hits you but does no damage.
You hit the skeletal warrior but do no damage.
The skeletal warrior is lightly damaged.
You barely miss the skeletal warrior.
The skeletal warrior is lightly damaged.
The skeletal warrior hits you with an enchanted trident!
You die...

#....#.........#
#.#. #.........# #
#(<.......#
#.........#
#.........#
####.######
#.###### #......#
##+#### ######@#
......# # #z#
......# .. ...
..$...# ..z. ....#
......# ..........#
......#.......[...#
..)).C#lz.........#
..o((zza..........#
....oz##.....


You could see a skeletal warrior.

Vanquished Creatures
  Prince Ribbit (D:7)
  A wyvern (D:11)
  4 yaks (D:10)
  2 water moccasins
  An orc warrior (D:11)
  8 sky beasts
  An ice beast (D:8)
  3 phantoms
  An eye of draining (D:9)
  6 centaurs
  5 ogres
  A crocodile (D:9)
  A big kobold (Sewer)
  7 bullfrogs
  2 scorpions
  6 killer bees
  3 wights (D:9)
  3 crimson imps
  A bullfrog zombie (D:6)
  A jelly (D:10)
  A quasit (D:7)
  A centaur zombie (Ossuary)
  4 orc priests
  A centaur skeleton (D:10)
  3 bullfrog skeletons
  2 hounds
  4 orc wizards
  A worker ant (D:10)
  2 big kobold zombies (Ossuary)
  A hound zombie (D:9)
  A hound skeleton (D:7)
  2 mummies (Ossuary)
  A howler monkey zombie (D:6)
  Robin (D:4)
  12 adders
  3 river rats
  A shadow imp (D:5)
  An adder skeleton (D:9)
  A worm (D:2)
  A dart slug (D:2)
  A leopard gecko (D:7)
  11 orcs
  8 bats
  8 giant cockroaches
  4 gnoll zombies (Ossuary)
  12 goblins
  12 hobgoblins
  8 jackals
  4 quokkas
  4 frilled lizards
  5 hobgoblin zombies (Ossuary)
  15 kobolds
  2 orc zombies (Ossuary)
  A quokka zombie (D:6)
  13 rats
  A rat zombie (D:6)
  4 plants (D:10)
215 creatures vanquished.

Vanquished Creatures (collateral kills)
  Erolcha (D:9)
  2 skeletal warriors (D:11)
  2 komodo dragons
  A spriggan (D:9)
  A yak (D:10)
  A water moccasin (D:10)
  An ice beast (D:10)
  A phantom (D:7)
  2 centaurs
  2 bullfrogs
  2 killer bees (D:8)
  A wight (D:9)
  A bullfrog zombie (D:8)
  2 crimson imps
  An orc priest (D:7)
  A centaur zombie (D:7)
  3 orc wizards
  5 worker ants
  A hound skeleton (D:8)
  A leopard gecko (D:11)
  3 orcs
  2 jackals (D:7)
  2 plants (D:10)
39 creatures vanquished.

Vanquished Creatures (others)
  An orc knight (D:11)
  4 orc warriors
  A centaur (D:5)
  11 orcs
  A plant (D:10)
18 creatures vanquished.

Grand Total: 272 creatures vanquished

Notes
Turn   | Place    | Note
-------+----------+-------------------------------------------
     0 | D:1      | JOKERXD40 the Hill Orc Monk began the quest for the Orb.
     0 | D:1      | Reached XP level 1. HP: 19/19 MP: 1/1
   451 | D:1      | Reached XP level 2. HP: 27/27 MP: 2/2
   813 | D:2      | Reached XP level 3. HP: 19/33 MP: 3/3
  1135 | D:2      | Reached skill level 5 in Axes
  1576 | D:2      | Found a sacrificial altar of Ru.
  1605 | D:2      | Reached XP level 4. HP: 40/40 MP: 4/4
  1634 | D:2      | Reached skill level 1 in Armour
  1858 | D:3      | Found an ancient bone altar of Kikubaaqudgha.
  2009 | D:3      | Found an ornate altar of the Wu Jian Council.
  2383 | D:3      | Found a shattered altar of Ashenzari.
  2580 | D:4      | Reached skill level 6 in Axes
  2580 | D:4      | Reached XP level 5. HP: 40/46 MP: 5/5
  2600 | D:4      | Got a crude golden ring
  2697 | D:4      | Noticed Robin
  2705 | D:4      | Killed Robin
  2734 | D:4      | Got an ichor-stained helmet
  2740 | D:4      | Identified the +1 helmet of the Alphagorgon {MR- Str+7}
                  | (You took it off Robin on level 4 of the Dungeon)
  2786 | D:4      | Noticed a phantom
  2845 | D:4      | Killed a phantom
  2845 | D:4      | Reached skill level 7 in Axes
  2845 | D:4      | Reached XP level 6. HP: 13/53 MP: 6/6
  3209 | D:4      | Reached skill level 8 in Axes
  3283 | D:4      | Reached XP level 7. HP: 12/60 MP: 7/7
  3758 | D:4      | Identified the ring "Nir Yth" {rPois Str+5 Slay-2 SInv}
                  | (You found it on level 4 of the Dungeon)
  3811 | D:4      | Reached skill level 5 in Fighting
  4109 | D:5      | Entered Level 5 of the Dungeon
  4140 | D:5      | Became a worshipper of Beogh the Brigand
  4140 | D:5      | Reached * piety under Beogh
  4140 | D:5      | Reached ** piety under Beogh
  4150 | D:5      | Reached skill level 9 in Axes
  4295 | D:5      | Found a glowing drain.
  4305 | Sewer    | Entered a sewer
  4387 | Sewer    | Reached skill level 10 in Axes
  4387 | Sewer    | Reached XP level 8. HP: 67/68 MP: 8/8
  4404 | Sewer    | Found a white marble altar of Elyvilon.
  4913 | D:5      | Found a stormy altar of Qazlal.
  5099 | D:6      | Found a staircase to the Ecumenical Temple.
  5101 | D:6      | Found a sand-covered staircase.
  5118 | Ossuary  | Entered an ossuary
  5172 | Ossuary  | Reached *** piety under Beogh
  5391 | D:6      | Reached skill level 11 in Axes
  5665 | D:7      | Reached skill level 12 in Axes
  5740 | D:7      | Reached XP level 9. HP: 62/75 MP: 9/9
  5795 | D:7      | Noticed Prince Ribbit
  5812 | D:7      | Killed Prince Ribbit
  6179 | D:7      | Reached skill level 13 in Axes
  6441 | D:7      | Reached skill level 5 in Armour
  6958 | D:7      | Found a glowing silver altar of Zin.
  6960 | D:7      | Found a blossoming altar of Fedhas.
  6964 | D:7      | Found a sparkling altar of Nemelex Xobeh.
  6964 | D:7      | Found a shadowy altar of Dithmenos.
  6968 | D:7      | Found a hazy altar of Hepliaklqana.
  7049 | D:8      | Found a radiant altar of Vehumet.
  7076 | D:8      | Found Ynerch's General Store.
  7091 | D:8      | Bought a potion of heal wounds for 60 gold pieces
  7204 | D:8      | Reached skill level 14 in Axes
  7437 | D:8      | Reached XP level 10. HP: 86/88 MP: 10/10
  7621 | D:8      | Reached **** piety under Beogh
  8567 | D:9      | Found a staircase to the Orcish Mines.
  8585 | D:9      | Found a roughly hewn altar of Beogh.
  8818 | D:9      | Noticed Erolcha
  8833 | D:9      | Killed Erolcha
  9138 | D:9      | Reached skill level 15 in Axes
  9375 | D:10     | Entered Level 10 of the Dungeon
  9805 | D:10     | Found a staircase to the Lair.
 10635 | D:10     | Reached XP level 11. HP: 96/99 MP: 11/11
 11114 | D:11     | Noticed a cyclops
 11115 | D:11     | Noticed a skeletal warrior
 11116 | D:11     | Noticed a skeletal warrior
 11117 | D:11     | Noticed a skeletal warrior
 11129 | D:11     | Noticed a skeletal warrior
 11130 | D:11     | HP: 4/99 [skeletal warrior/hand axe (1)]
 11138 | D:11     | Noticed Josephine
 11150 | D:11     | Reached ***** piety under Beogh
 11150 | D:11     | Reached skill level 10 in Fighting
 11163 | D:11     | Gained Korbok as an ally
 11166 | D:11     | Killed a skeletal warrior
 11166 | D:11     | Reached skill level 16 in Axes
 11166 | D:11     | Your ally Korbok died
 11169 | D:11     | Killed a skeletal warrior
 11178 | D:11     | Noticed a skeletal warrior
 11188 | D:11     | Slain by a skeletal warrior

Skill      XL: |  1  2  3  4  5  6  7  8  9 10 11 |
---------------+----------------------------------+-----
Fighting       | 4 5 6 7 9 10 | 10.1
Axes           | 5 6 7 8 10 12 14 15 16 | 16.1
Armour         | 1 2 3 4 5 7 8 |  8.2
Dodging        | |  2.6
Stealth        | |  1.8
Invocations    | |  0.7
Evocations     | |  0.1

Action                   |  1- 3 |  4- 6 |  7- 9 | 10-12 || total
-------------------------+-------+-------+-------+-------++-------
Melee: Hand axe          |   104 |   257 |    67 |       ||   428
       War axe           |       |       |   317 |   229 ||   546
Invok: Convert to Beogh  |       |       |     1 |       ||     1
       Smiting           |       |       |     1 |       ||     1
Evoke: Wand              |       |       |    12 |     1 ||    13
  Use: Potion            |     3 |       |     1 |     2 ||     6
       Scroll            |       |       |     6 |     5 ||    11
 Stab: Distracted        |       |       |     2 |       ||     2
  Eat: Ration            |     1 |     1 |     2 |     3 ||     7
       Chunk             |       |     2 |     6 |     2 ||    10
Armor: Chain mail        |    76 |   131 |   212 |    81 ||   500
       Robe              |     1 |       |       |       ||     1
Dodge: Dodged            |    40 |   103 |   187 |    83 ||   413
